[Event "Titled Tuesday Blitz March 21 Late 2023"]
[White "Guzman Moneo, Alberto"]
[Black "Goncalves, Davi Sulzbacher"]
[WhiteFideId "2209616"]
[BlackFideId "2154510"]
[WhiteElo "2157"]
[BlackElo "2182"]
[Result "0-1"]
[Round "08"]
[TimeControl "180+2"]
[Date "2023.03.21"]
[WhiteClock "0:00:03"]
[BlackClock "0:00:13"]

1. e4 c6 2. Nf3 d5 3. d3 dxe4 4. dxe4 Qxd1+ 5. Kxd1 Bg4 6. Be2 Nd7 7. Ne1 Bxe2+ 8. Kxe2 O-O-O 9. Nd3 e6 10. Be3 Ngf6 11. f3 g6 12. Nd2 Bg7 13. Nc4 Ne8 14. Bxa7 b5 15. Nb6+ Kb7 16. Nxd7 Kxa7 17. N7e5 Rc8 18. a4 b4 19. Nxf7 Rf8 20. Nfe5 c5 21. Nd7 c4 22. Nxb4 Rf7 23. Rhd1 Rc7 24. c3 Rfxd7 25. Nc6+ Kb6 26. Nd8 Re7 27. a5+ Ka7 28. Rd2 Bh6 29. Rd4 Bg7 30. Rd2 Be5 31. g3 Kb8 32. a6 Bd6 33. a7+ Ka8 34. Ra6 Rxa7 35. Rxa7+ Rxa7 36. Nxe6 Kb7 37. f4 Kc6 38. e5 Bc5 39. Nd8+ Kb5 40. Ne6 Nc7 41. Nxc5 Kxc5 42. Kf3 Nd5 43. Ke4 Rd7 44. Rd4 Nb6 45. g4 Rxd4+ 46. cxd4+ Kc6 47. f5 Na4 48. d5+ Kd7 49. f6 Nxb2 50. Kd4 Nd3 51. e6+ Kd6 52. f7 Ke7 0-1


[Site "https://www.chess.com"]

[Event "Titled Tuesday Blitz March 21 Late 2023"]
[White "Papayan, Oleg"]
[Black "Beulen, Marcel"]
[WhiteFideId "4193911"]
[BlackFideId "1001450"]
[WhiteElo "2153"]
[BlackElo "2394"]
[Result "1-0"]
[Round "08"]
[TimeControl "180+2"]
[Date "2023.03.21"]
[WhiteClock "0:01:39"]
[BlackClock "0:01:16"]

1. e4 d5 2. exd5 Qxd5 3. Nc3 Qa5 4. d4 Nf6 5. Nf3 Bf5 6. Bd2 c6 7. Ne5 Nbd7 8. Nc4 Qc7 9. Ne3 Bg6 10. Bc4 e6 11. Qe2 O-O-O 12. a4 Bd6 13. a5 Rhe8 14. a6 b6 15. O-O-O b5 16. Bxb5 cxb5 17. Nxb5 Qc6 18. Nxa7+ 1-0


[Site "https://www.chess.com"]

[Event "Titled Tuesday Blitz March 21 Late 2023"]
[White "Korkmaz, Necmettin"]
[Black "Krzywda, Andrzej"]
[WhiteFideId "6303285"]
[BlackFideId "1114565"]
[WhiteElo "2097"]
[BlackElo "2155"]
[Result "0-1"]
[Round "08"]
[TimeControl "180+2"]
[Date "2023.03.21"]
[WhiteClock "0:01:05"]
[BlackClock "0:01:35"]

1. e4 e5 2. Nf3 Nf6 3. Nxe5 d6 4. Nf3 Nxe4 5. Nc3 Nxc3 6. dxc3 Be7 7. Be3 Nd7 8. Qd2 Ne5 9. Be2 O-O 10. O-O-O Ng4 11. Bf4 Nxf2 12. Bd3 Nxh1 13. Rxh1 Bg4 14. h4 Bxf3 15. gxf3 Bf6 16. h5 Re8 17. Bc4 Qe7 18. Rg1 Rab8 19. h6 g6 20. Qd3 Kf8 21. a4 Rbd8 22. Kb1 c6 23. Bb3 d5 24. c4 Qc5 25. Rg4 Re1+ 26. Ka2 Ra1+ 27. Kxa1 Qa3+ 28. Kb1 Qxb2# 0-1


[Site "https://www.chess.com"]

[Event "Titled Tuesday Blitz March 21 Late 2023"]
[White "Romkachess"]
[Black "Wizard_of_Odds"]
[WhiteElo "2508"]
[BlackElo "2362"]
[Result "0-1"]
[Round "08"]
[TimeControl "180+2"]
[Date "2023.03.21"]
[WhiteClock "0:00:07"]
[BlackClock "0:00:06"]

1. e4 e6 2. d4 d5 3. Nc3 Nc6 4. Nf3 Nf6 5. Bg5 Be7 6. e5 Ne4 7. Bxe7 Qxe7 8. Bd3 Qb4 9. O-O Nxc3 10. bxc3 Qxc3 11. h4 Bd7 12. Rb1 Na5 13. h5 h6 14. Qe2 Qa3 15. Qd2 b6 16. c3 Rd8 17. Rfc1 Nc4 18. Qf4 Qe7 19. Qg4 O-O 20. Qf4 c5 21. Nh2 Rc8 22. Ng4 Qg5 23. Qf3 Nd2 24. Qg3 Nxb1 25. Rxb1 cxd4 26. f4 Qe7 27. cxd4 Kh8 28. Qf3 Rc3 29. Rd1 Rfc8 30. Nf2 Rc1 31. g4 Rxd1+ 32. Qxd1 Qh4 33. Kg2 Rc3 34. f5 exf5 35. gxf5 Qg5+ 36. Kh2 Bxf5 37. Qf3 Bxd3 38. Nxd3 Qh4+ 39. Kg2 Qe4 40. Qxe4 dxe4 41. Nf4 Rc2+ 42. Kg3 Rxa2 43. d5 Rd2 44. d6 Kg8 45. Ng2 Rd3+ 46. Ne3 Rxe3+ 47. Kf4 Rd3 48. Kxe4 Rd1 0-1


[Site "https://www.chess.com"]

[Event "Titled Tuesday Blitz March 21 Late 2023"]
[White "Abduzhaparov"]
[Black "Golubev, Mikhail"]
[BlackFideId "14100983"]
[WhiteElo "2359"]
[BlackElo "2374"]
[Result "1-0"]
[Round "08"]
[TimeControl "180+2"]
[Date "2023.03.21"]
[WhiteClock "0:00:19"]
[BlackClock "0:00:02"]

1. Nf3 d6 2. c4 g6 3. d4 Bg7 4. e4 Nf6 5. Nc3 O-O 6. Be3 e5 7. dxe5 dxe5 8. Qxd8 Rxd8 9. Nd5 Na6 10. O-O-O Bg4 11. h3 Bxf3 12. gxf3 c6 13. Nxf6+ Bxf6 14. c5 Nc7 15. Bc4 Ne6 16. Bxe6 fxe6 17. Kc2 Kf7 18. a4 Rxd1 19. Rxd1 Rd8 20. Ra1 g5 21. b4 Kg6 22. b5 Kh5 23. Rg1 h6 24. Rg4 Be7 25. Rg1 cxb5 26. axb5 Bxc5 27. Ra1 Bxe3 28. fxe3 Kh4 29. Rxa7 Rd7 30. Ra8 Kxh3 31. Rh8 Kg3 32. Rxh6 Kxf3 33. Rxe6 Kxe4 34. Rg6 Kf5 35. Rg8 g4 36. Kc3 e4 37. Kc4 Rd3 38. Rg7 Rxe3 39. Rxb7 Re1 40. Rf7+ Ke5 41. Rg7 Kf4 42. b6 Rb1 43. b7 e3 44. Kd3 Rb3+ 45. Ke2 Rb2+ 46. Kd3 1-0


[Site "https://www.chess.com"]

[Event "Titled Tuesday Blitz March 21 Late 2023"]
[White "Shapiro, Viktor"]
[Black "Bhavikatti, Neil"]
[WhiteFideId "4175700"]
[BlackFideId "30935024"]
[WhiteElo "2152"]
[BlackElo "2354"]
[Result "1-0"]
[Round "08"]
[TimeControl "180+2"]
[Date "2023.03.21"]
[WhiteClock "0:01:13"]
[BlackClock "0:00:07"]

1. c4 c5 2. Nc3 Nc6 3. g3 g6 4. Bg2 Bg7 5. Nf3 e5 6. d3 Nge7 7. O-O d6 8. a3 a5 9. Rb1 O-O 10. Ne1 Be6 11. Nc2 d5 12. b3 d4 13. Nb5 f5 14. b4 axb4 15. axb4 cxb4 16. Nxb4 Nxb4 17. Rxb4 Nc6 18. Ra4 Rxa4 19. Qxa4 Qa5 20. Qxa5 Nxa5 21. Ba3 Rd8 22. Nc7 Bf7 23. Rb1 e4 24. Rb5 Nc6 25. Rxb7 Ne5 26. Rb3 exd3 27. exd3 f4 28. gxf4 Ng4 29. Bd5 Bxd5 30. Nxd5 Re8 31. Be7 h5 32. h3 Nh6 33. Kf1 Nf5 34. Bf6 Ra8 35. Bxg7 Kxg7 36. Rb7+ Kg8 37. Nf6+ Kf8 38. c5 Rc8 39. Ke2 Ne7 40. Kf3 Nc6 41. Ke4 Nd8 42. Rb6 Kf7 43. Nd7 Rc7 44. Ne5+ Kf8 45. Kxd4 Ne6+ 46. Rxe6 1-0


[Site "https://www.chess.com"]

[Event "Titled Tuesday Blitz March 21 Late 2023"]
[White "Kashefi, Amir Hosein"]
[Black "Bogaudinov, Rushan"]
[WhiteFideId "12557935"]
[BlackFideId "4129288"]
[WhiteElo "2078"]
[BlackElo "1949"]
[Result "1-0"]
[Round "08"]
[TimeControl "180+2"]
[Date "2023.03.21"]
[WhiteClock "0:00:12"]
[BlackClock "0:00:10"]

1. e4 c5 2. Nf3 Nc6 3. d4 cxd4 4. Nxd4 e6 5. Be3 a6 6. c4 Nf6 7. f3 Bb4+ 8. Nc3 d5 9. cxd5 exd5 10. Nxc6 bxc6 11. e5 Nd7 12. f4 O-O 13. Bd3 c5 14. Bd2 c4 15. Bb1 Nb6 16. O-O Qh4 17. Be1 Bc5+ 18. Kh1 Qg4 19. Rf3 Qh5 20. Nxd5 Bg4 21. Nxb6 Bxf3 22. Qxf3 Qxf3 23. gxf3 Bxb6 24. Be4 Rab8 25. Bb4 Rfd8 26. Bd6 Rbc8 27. Bb7 Rc5 28. Bxc5 Bxc5 29. Bxa6 Bd4 30. Rc1 Bxb2 31. Rxc4 g6 32. Rc8 Rxc8 33. Bxc8 Bc1 34. f5 gxf5 35. Bxf5 h6 36. a4 Bd2 37. Kg2 Kf8 38. e6 fxe6 39. Bxe6 Ke7 40. Bc4 Kd6 41. Bb5 Ke5 42. Kg3 Bf4+ 43. Kh3 Kf5 44. a5 Bb8 45. a6 Kf4 46. Bc6 Kg5 47. Bb7 Ba7 48. Kg3 Bb8+ 49. Kh3 h5 50. f4+ Kxf4 51. Kh4 Kf5 52. Kxh5 Kf6 53. Kh6 Kf7 54. Kh7 Kf8 55. h4 Ba7 56. h5 Be3 57. Bd5 Bd4 58. Kg6 Ke7 59. h6 Kd6 60. Bc4 Kc7 61. h7 Kb8 62. Kf7 Ka7 63. Kg8 Be5 64. h8=Q Bxh8 65. Kxh8 Kb8 66. Kg7 Kc7 67. Kf6 Kb6 68. Ke5 Kc6 69. Kd4 Kb6 70. Kd5 Kc7 71. Kc5 Kb8 72. Kb6 Ka8 73. Bb5 Kb8 74. a7+ Kc8 75. a8=Q# 1-0


[Site "https://www.chess.com"]

[Event "Titled Tuesday Blitz March 21 Late 2023"]
[White "Vifleemskaia, Svetlana"]
[Black "Miszler, Levente"]
[WhiteFideId "4129490"]
[BlackFideId "763276"]
[WhiteElo "1930"]
[BlackElo "2176"]
[Result "0-1"]
[Round "08"]
[TimeControl "180+2"]
[Date "2023.03.21"]
[WhiteClock "0:00:01"]
[BlackClock "0:00:04"]

1. d4 e6 2. c4 Nf6 3. Nc3 d5 4. cxd5 exd5 5. Bg5 Be7 6. e3 O-O 7. Bd3 h6 8. Bh4 Nbd7 9. Qc2 c5 10. Nge2 c4 11. Bf5 Re8 12. O-O Nf8 13. Bg3 Ne6 14. Be5 g6 15. Bxg6 fxg6 16. Qxg6+ Ng7 17. Nf4 Bf5 18. Qxh6 Be4 19. Nxe4 dxe4 20. Ng6 Kf7 21. Bg3 Nf5 22. Ne5+ Ke6 23. Qg6 Rf8 24. d5+ Qxd5 25. Rfd1 Qc5 26. Rac1 b5 27. Nd7 Qc6 28. Nxf8+ Rxf8 29. Rd2 Rg8 30. Qxf6+ Bxf6 31. Rcd1 Be7 32. Bf4 Nh4 33. Bg3 Nf5 34. Bf4 Rc8 35. h3 b4 36. Rc2 c3 0-1


[Site "https://www.chess.com"]

[Event "Titled Tuesday Blitz March 21 Late 2023"]
[White "Battlecruiser_Operational"]
[Black "Kubatko, Ivan"]
[BlackFideId "24111473"]
[WhiteElo "2260"]
[BlackElo "2285"]
[Result "1-0"]
[Round "08"]
[TimeControl "180+2"]
[Date "2023.03.21"]
[WhiteClock "0:00:25"]
[BlackClock "0:00:01"]

1. d4 d5 2. Nf3 c5 3. g3 Nc6 4. Bg2 Nf6 5. O-O e6 6. c4 Be7 7. cxd5 exd5 8. b3 O-O 9. Bb2 Ne4 10. Nc3 Bf6 11. e3 Bg4 12. Ne2 Qd7 13. Rc1 Rac8 14. Ba3 Qf5 15. Ne1 cxd4 16. Bxf8 dxe3 17. f3 Rxf8 18. fxe4 Qh5 19. Bf3 Bxf3 20. Rxf3 dxe4 21. Rxe3 Bg5 22. Nf4 Qh6 23. Neg2 Ne5 24. Rxe4 Ng6 25. Rcc4 Kh8 26. Nxg6+ Qxg6 27. h4 Bh6 28. Kh2 b5 29. Rcd4 Qf6 30. Rd6 Qf2 31. Rd8 Qc5 32. b4 1-0


[Site "https://www.chess.com"]

[Event "Titled Tuesday Blitz March 21 Late 2023"]
[White "Rose, Felix"]
[Black "Stelmaszyk, Nico"]
[WhiteFideId "5105722"]
[BlackFideId "16200462"]
[WhiteElo "2039"]
[BlackElo "2255"]
[Result "0-1"]
[Round "08"]
[TimeControl "180+2"]
[Date "2023.03.21"]
[WhiteClock "0:00:35"]
[BlackClock "0:01:22"]

1. e4 c5 2. Nf3 Nc6 3. d4 cxd4 4. Nxd4 e6 5. Nc3 Nf6 6. Ndb5 d6 7. Bf4 e5 8. Bg5 a6 9. Na3 b5 10. Nd5 Be7 11. Bxf6 Bxf6 12. c3 Bg5 13. Nc2 Rb8 14. Be2 O-O 15. O-O Kh8 16. a4 bxa4 17. Ncb4 Nxb4 18. Nxb4 Bd7 19. Bxa6 Qb6 20. Bd3 g6 21. g3 f5 22. Kg2 f4 23. Be2 Kg7 24. Bg4 f3+ 25. Bxf3 h5 26. h4 Be7 27. Qd2 Rxf3 28. Kxf3 Bh3 29. Rh1 Rf8+ 30. Ke2 Rxf2+ 31. Kd1 Bg4+ 32. Kc1 Rxd2 33. Kxd2 Qf2+ 34. Kc1 Qe3+ 35. Kb1 Qxe4+ 36. Ka2 Be6+ 37. Ka3 d5 38. Rae1 Qc2 0-1


[Site "https://www.chess.com"]

[Event "Titled Tuesday Blitz March 21 Late 2023"]
[White "Becerra, Juan David"]
[Black "Vadim_Galchenko"]
[WhiteFideId "4404998"]
[WhiteElo "2282"]
[BlackElo "2215"]
[Result "0-1"]
[Round "08"]
[TimeControl "180+2"]
[Date "2023.03.21"]
[WhiteClock "0:00:18"]
[BlackClock "0:00:43"]

1. e4 e6 2. d4 d5 3. Nc3 Nf6 4. Bg5 Bb4 5. e5 h6 6. Bd2 Bxc3 7. bxc3 Ne4 8. Be3 c5 9. Bd3 Nxc3 10. Qg4 Kf8 11. dxc5 Nc6 12. Nf3 f5 13. Qg6 Ne7 14. Qg3 g5 15. Nxg5 hxg5 16. Qxg5 Nc6 17. Qg3 Ne4 18. Bxe4 dxe4 19. Bg5 Qa5+ 20. Kf1 Qxc5 21. Bf6 Rg8 22. Qf4 e3 23. Qh6+ Ke8 24. Qh7 Qc4+ 25. Kg1 exf2+ 26. Kxf2 Qxc2+ 27. Ke3 Qe4+ 28. Kd2 Rxg2+ 29. Kc3 Rc2+ 30. Kb3 Qc4+ 31. Ka3 Qb4# 0-1


[Site "https://www.chess.com"]

[Event "Titled Tuesday Blitz March 21 Late 2023"]
[White "Hon, Eric"]
[Black "Donskov, Anatoly"]
[WhiteFideId "2097117"]
[BlackFideId "24143413"]
[WhiteElo "1918"]
[BlackElo "2247"]
[Result "1-0"]
[Round "08"]
[TimeControl "180+2"]
[Date "2023.03.21"]
[WhiteClock "0:00:10"]
[BlackClock "0:00:05"]

1. e4 c5 2. Nf3 e6 3. Nc3 Nc6 4. d4 cxd4 5. Nxd4 Nf6 6. Be3 Bb4 7. f3 d5 8. Nxc6 bxc6 9. e5 Nd7 10. f4 c5 11. a3 Ba5 12. Bd2 O-O 13. Be2 c4 14. Rb1 Bb6 15. Bf3 f6 16. Qe2 fxe5 17. fxe5 Qh4+ 18. g3 Qd4 19. Bf4 Ba5 20. Kf1 Bb7 21. Nb5 Qc5 22. Nd6 Bc6 23. Kg2 h6 24. h4 Rad8 25. Rhd1 Bc7 26. b4 cxb3 27. cxb3 Bxd6 28. exd6 e5 29. Rdc1 Qxd6 30. Qd2 e4 31. Bxd6 exf3+ 32. Kh2 Nf6 33. Bxf8 Ng4+ 34. Kh3 Bd7 35. Qxd5+ Kxf8 36. Qxd7 Rxd7 37. Kxg4 f2 38. Rf1 Rd2 39. Kf3 Ra2 40. Kg2 Rxa3 41. Rxf2+ Kg8 42. Rbf1 Kh7 43. Rf3 Ra2+ 44. R1f2 Ra1 45. Kh3 Rc1 46. h5 Rc5 47. g4 a5 48. Ra2 Rb5 49. Kg3 Rb4 50. Ra4 Rb5 51. b4 axb4 52. Rb3 Rc5 53. Raxb4 Rd5 54. Rb7 Rc5 55. Rf3 Rd5 56. Rff7 Rg5 57. Kf4 Kg8 58. Rfc7 Kh7 59. Rf7 Kg8 60. Rf5 1-0


[Site "https://www.chess.com"]

[Event "Titled Tuesday Blitz March 21 Late 2023"]
[White "Khandelwal, Ankush"]
[Black "Bullen, Alex"]
[WhiteFideId "413470"]
[BlackFideId "1801627"]
[WhiteElo "2263"]
[BlackElo "2088"]
[Result "1-0"]
[Round "08"]
[TimeControl "180+2"]
[Date "2023.03.21"]
[WhiteClock "0:01:04"]
[BlackClock "0:00:36"]

1. e4 c6 2. d4 d5 3. e5 Bf5 4. Nf3 e6 5. Be2 Ne7 6. O-O h6 7. Nbd2 Nd7 8. Nb3 g5 9. Ne1 c5 10. Nxc5 Nxc5 11. dxc5 Qc7 12. Nd3 Nc6 13. f4 O-O-O 14. b4 Nxb4 15. Nxb4 Bxc5+ 16. Kh1 Bxb4 17. Bd3 Be4 18. Qe2 Bxd3 19. cxd3 Kb8 20. Rb1 Ba5 21. f5 Rc8 22. Ba3 Qc2 23. Bd6+ Ka8 24. Qh5 Qxd3 25. Qxf7 exf5 26. Qxb7# 1-0


[Site "https://www.chess.com"]

[Event "Titled Tuesday Blitz March 21 Late 2023"]
[White "Gonzalez, Francisco Silva"]
[Black "ilya2700"]
[WhiteFideId "1512285"]
[WhiteElo "2074"]
[BlackElo "2160"]
[Result "0-1"]
[Round "08"]
[TimeControl "180+2"]
[Date "2023.03.21"]
[WhiteClock "0:00:35"]
[BlackClock "0:00:06"]

1. d4 Nf6 2. c4 e6 3. Nc3 Bb4 4. a3 Bxc3+ 5. bxc3 d5 6. e3 O-O 7. Bd3 b6 8. Ne2 Bb7 9. f3 Nbd7 10. cxd5 exd5 11. O-O c5 12. Bd2 Re8 13. Qe1 Qc8 14. Qf2 Ba6 15. Bxa6 Qxa6 16. Ng3 cxd4 17. exd4 Re6 18. a4 Rae8 19. Rfe1 Rxe1+ 20. Bxe1 Qc4 21. Bd2 a5 22. Qf1 Qb3 23. Qd1 Qxd1+ 24. Rxd1 Re6 25. Kf2 Ne8 26. Rb1 Rc6 27. Nf5 Kf8 28. g4 Rc4 29. Ra1 f6 30. Ne3 Rc6 31. Nxd5 Nd6 32. Ne3 Kf7 33. Ke2 Nf8 34. d5 Rc5 35. Kd3 Ng6 36. c4 Ne5+ 37. Ke2 Nexc4 38. Rb1 g5 39. Bc1 Kg6 40. Kd3 Nxe3 41. Bxe3 Rxd5+ 42. Ke2 Nc4 43. Rc1 Nxe3 44. Kxe3 b5 45. axb5 Rxb5 46. Rc7 a4 47. Ra7 Rb4 48. Kf2 h5 49. Kg3 h4+ 50. Kg2 Rf4 51. Kf2 Kh6 52. Kg2 Kg6 53. Rb7 f5 54. Rb6+ Kf7 55. h3 fxg4 56. hxg4 h3+ 57. Kg3 h2 58. Rb1 a3 59. Kg2 a2 60. Ra1 Ra4 61. Kxh2 Ke6 62. Kg3 Kd5 63. f4 Ra3+ 64. Kf2 gxf4 65. Rd1+ Ke5 66. Ra1 Kf6 67. Ke2 Kg5 68. Kd2 Kxg4 69. Rg1+ Kf5 70. Ra1 f3 71. Kc2 Kf4 72. Kb2 Ra8 73. Kb3 f2 74. Kb2 Kf3 75. Kc2 Kg2 76. Kb3 f1=Q 77. Rxa2+ Rxa2 78. Kc3 Qc1+ 79. Kd3 Rd2+ 80. Ke4 Qe1+ 81. Kf4 Rf2+ 0-1


[Site "https://www.chess.com"]

[Event "Titled Tuesday Blitz March 21 Late 2023"]
[White "Bilan, Danila"]
[Black "dorpato"]
[WhiteFideId "24161918"]
[WhiteElo "2182"]
[BlackElo "2038"]
[Result "1-0"]
[Round "08"]
[TimeControl "180+2"]
[Date "2023.03.21"]
[WhiteClock "0:00:08"]
[BlackClock "0:00:21"]

1. d4 d5 2. Nf3 c5 3. e3 cxd4 4. exd4 Nc6 5. h3 g6 6. Bd3 Bg7 7. c3 Nh6 8. Bg5 f6 9. Bc1 O-O 10. O-O Nf7 11. c4 Nb4 12. Be2 e6 13. Nc3 a6 14. Re1 b6 15. a3 Nc6 16. cxd5 exd5 17. Bf4 Re8 18. Bd3 Rxe1+ 19. Qxe1 Bb7 20. Qe6 Ne7 21. Re1 Kf8 22. Nh2 Bc8 23. Qe2 b5 24. Ng4 Bf5 25. Ne3 Bxd3 26. Qxd3 Rc8 27. Nc2 Nd6 28. Re6 Ndf5 29. g4 Nh6 30. Bd6 Ng8 31. Nxd5 Qd7 32. Qe4 Re8 33. Ncb4 Kf7 34. Rxe7+ Nxe7 35. Bxe7 Rxe7 36. Qxe7+ Qxe7 37. Nxe7 Kxe7 38. Nxa6 Kd6 39. Nc5 f5 40. Nb3 fxg4 41. hxg4 Kd5 42. Kf1 Bxd4 43. Nxd4 Kxd4 44. Ke2 Kc4 45. Kd2 Kb3 46. Kc1 h5 47. gxh5 gxh5 48. Kd2 Kxb2 49. f4 h4 50. Ke2 Kc3 51. f5 h3 52. Kf3 h2 53. Kg2 Kb3 54. f6 Kxa3 55. f7 b4 56. f8=Q Ka4 57. Qf1 b3 58. Qb1 1-0


[Site "https://www.chess.com"]

[Event "Titled Tuesday Blitz March 21 Late 2023"]
[White "chessjazda"]
[Black "Baskakov, Egor"]
[BlackFideId "24197866"]
[WhiteElo "2358"]
[BlackElo "2212"]
[Result "0-1"]
[Round "08"]
[TimeControl "180+2"]
[Date "2023.03.21"]
[WhiteClock "0:00:01"]
[BlackClock "0:00:20"]

1. e4 c5 2. f4 Nc6 3. Nf3 g6 4. Bc4 Bg7 5. d3 e6 6. e5 Nge7 7. Nc3 O-O 8. O-O d5 9. exd6 Nf5 10. Ne4 Nxd6 11. Nxd6 Qxd6 12. c3 b6 13. Be3 Bb7 14. Qe2 Rad8 15. Rad1 Qc7 16. a4 Rd7 17. Ng5 Rfd8 18. Rd2 Na5 19. Ba2 Bd5 20. Bxd5 Rxd5 21. Ne4 Qd7 22. Nf2 Qxa4 23. Qf3 Qc6 24. Re2 R5d7 25. Qxc6 Nxc6 26. Ra1 Na5 27. g3 h5 28. Kg2 Bf6 29. Ra4 Kg7 30. Bxc5 Nb3 31. Be3 Be7 32. h3 Bc5 33. d4 Be7 34. Nd3 Bd6 35. Ne5 Bxe5 36. fxe5 Na5 37. Bg5 Rc8 38. Bf6+ Kg8 39. g4 Nc6 40. gxh5 gxh5 41. Kf3 Kh7 42. Rg2 Rg8 43. Rxg8 Kxg8 44. Ra1 Ne7 45. Rg1+ Ng6 46. Rg5 h4 47. Rg4 b5 48. Bxh4 b4 49. Bf6 bxc3 50. bxc3 Rc7 51. Ke4 Rxc3 52. h4 Rh3 53. d5 exd5+ 54. Kxd5 Kh7 55. Rg5 Kh6 56. Rg4 Kh5 57. Ra4 Nxh4 58. Bxh4 Rxh4 59. Rxa7 Kg6 60. e6 f5 61. e7 Re4 62. Kd6 Kf6 63. Ra3 Rxe7 64. Rf3 Re1 65. Kd5 Kg5 66. Kd4 f4 67. Ra3 Kg4 68. Ra8 Kf3 69. Rg8 Re7 70. Kc3 Kf2 71. Kd2 f3 0-1


[Site "https://www.chess.com"]

[Event "Titled Tuesday Blitz March 21 Late 2023"]
[White "Romero Ruscalleda, Josep"]
[Black "Zhurbinsky, David"]
[WhiteFideId "2231859"]
[BlackFideId "2072904"]
[WhiteElo "2183"]
[BlackElo "2593"]
[Result "0-1"]
[Round "08"]
[TimeControl "180+2"]
[Date "2023.03.21"]
[WhiteClock "0:00:39"]
[BlackClock "0:00:57"]

1. e4 e5 2. Nf3 Nc6 3. Bc4 Bc5 4. O-O d6 5. c3 Bb6 6. a4 Nf6 7. Re1 O-O 8. h3 a6 9. d4 h6 10. Qd3 Qe7 11. Be3 exd4 12. Bxd4 Nxd4 13. Nxd4 d5 14. Bb3 dxe4 15. Qg3 Rd8 16. Nf3 Be6 17. Bxe6 exf3 18. a5 Ba7 19. Qxf3 fxe6 20. Qxb7 Qc5 21. Re2 Rab8 22. Qf3 Rd1+ 23. Kh2 Qd6+ 24. g3 Rf8 25. Na3 Rxa1 26. Nc4 Qd1 0-1


[Site "https://www.chess.com"]

[Event "Titled Tuesday Blitz March 21 Late 2023"]
[White "Stachanczyk, Jacek"]
[Black "Pinheiro, Iung Alicio de O."]
[WhiteFideId "1116657"]
[BlackFideId "2104350"]
[WhiteElo "2084"]
[BlackElo "2283"]
[Result "1/2-1/2"]
[Round "08"]
[TimeControl "180+2"]
[Date "2023.03.21"]
[WhiteClock "0:00:19"]
[BlackClock "0:00:10"]

1. e4 c5 2. Nf3 Nc6 3. d4 cxd4 4. Nxd4 e5 5. Nb5 d6 6. N1c3 a6 7. Na3 b5 8. Nd5 Nge7 9. c4 Nxd5 10. exd5 Nd4 11. cxb5 Bd7 12. bxa6 Qa5+ 13. Bd2 Qxd5 14. Be3 Be7 15. Bxd4 exd4 16. Be2 Bc6 17. f3 Bh4+ 18. g3 Bg5 19. O-O O-O 20. Qd3 Rac8 21. Nc4 Bb5 22. b3 Be3+ 23. Kg2 Bxa6 24. Nxe3 Bxd3 25. Nxd5 Bxe2 26. Ne7+ Kh8 27. Nxc8 Rxc8 28. Rfc1 Ra8 29. Kf2 d3 30. Rc6 d5 31. Rd6 h6 32. Rxd5 Rc8 33. Re1 Rc2 34. Ke3 Rxa2 35. b4 Rb2 36. b5 g5 37. h3 Kg7 38. Rh1 Kf6 39. h4 Ke6 40. Rd4 Rxb5 41. hxg5 hxg5 42. Rxd3 Bxd3 43. Kxd3 Rb3+ 44. Ke2 Ke5 45. Rh7 f6 46. Re7+ Kf5 47. g4+ Kf4 48. Re6 Rb2+ 49. Kf1 Kxf3 50. Rxf6+ Kxg4 51. Kg1 Kg3 52. Rf1 g4 53. Rc1 Rg2+ 54. Kh1 Rh2+ 55. Kg1 Ra2 56. Kh1 Kh3 57. Kg1 Rb2 58. Rd1 Rb3 59. Rc1 Rg3+ 60. Kh1 Ra3 61. Kg1 Kg3 62. Rb1 Kf3 63. Rc1 Ra8 64. Rb1 Ra2 65. Rc1 Rg2+ 66. Kh1 Rf2 67. Kg1 Kg3 68. Rb1 Rf3 69. Rc1 Kh3 70. Rb1 Kh4 71. Rc1 Kg5 72. Rb1 Kf4 73. Rc1 Re3 74. Rb1 Kf3 75. Rc1 Ke2 76. Rb1 Rg3+ 77. Kh2 Rh3+ 78. Kg1 Rg3+ 79. Kh2 Rc3 80. Kg1 Rh3 81. Rb2+ Kd1 82. Rb1+ Ke2 83. Rb2+ Kd3 84. Rb3+ Ke4 85. Rxh3 gxh3 86. Kh2 Kf4 87. Kxh3 1/2-1/2


[Site "https://www.chess.com"]

[Event "Titled Tuesday Blitz March 21 Late 2023"]
[White "Jiganchine, Roman"]
[Black "Ladan, Nicholas"]
[WhiteFideId "2603667"]
[BlackFideId "30918855"]
[WhiteElo "2307"]
[BlackElo "2167"]
[Result "1-0"]
[Round "08"]
[TimeControl "180+2"]
[Date "2023.03.21"]
[WhiteClock "0:00:15"]
[BlackClock "0:00:01"]

1. e4 d6 2. d4 f5 3. Bd3 fxe4 4. Bxe4 Nf6 5. Bf3 Nc6 6. Ne2 g6 7. O-O Bg7 8. Bg5 Bf5 9. Na3 Qd7 10. c3 h6 11. Be3 O-O-O 12. Ng3 Bg4 13. Nb5 a6 14. Bxc6 bxc6 15. Qa4 cxb5 16. Qxa6+ Kb8 17. d5 c5 18. dxc6 Qc7 19. a4 Bc8 20. axb5 Bxa6 21. Rxa6 Kc8 22. Rfa1 Nd7 23. Ra8+ Nb8 24. R1a7 Qxa7 25. Rxa7 Rhe8 26. Bb6 Rd7 27. cxd7+ Nxd7 28. Rc7+ Kd8 29. Ba5 e6 30. b6 Ke7 31. b7 Rb8 32. Ne4 Be5 33. f4 d5 34. Bb4+ Ke8 35. fxe5 dxe4 36. Bd6 1-0


[Site "https://www.chess.com"]

[Event "Titled Tuesday Blitz March 21 Late 2023"]
[White "ritanovikova"]
[Black "Carbone, Diego"]
[BlackFideId "3002179"]
[WhiteElo "2205"]
[BlackElo "2266"]
[Result "1-0"]
[Round "08"]
[TimeControl "180+2"]
[Date "2023.03.21"]
[WhiteClock "0:00:12"]
[BlackClock "0:00:10"]

1. e4 e5 2. Nf3 Nc6 3. Bc4 Bc5 4. c3 Nf6 5. d4 exd4 6. cxd4 Bb4+ 7. Bd2 Bxd2+ 8. Nbxd2 d5 9. exd5 Nxd5 10. O-O O-O 11. Rc1 Nb6 12. Bb3 Bg4 13. h3 Bh5 14. Ne4 Bxf3 15. Qxf3 Nxd4 16. Qe3 Nxb3 17. Qxb3 Qd5 18. Qf3 f5 19. Ng5 Qxf3 20. gxf3 c6 21. Ne6 Rf6 22. Nc5 Rb8 23. a4 Nd5 24. Kh2 Rg6 25. Rg1 Rxg1 26. Rxg1 Kf7 27. Re1 g6 28. Nd7 Re8 29. Rxe8 Kxe8 30. Nc5 b6 31. Nd3 c5 32. Kg3 Ke7 33. f4 Nf6 34. Kf3 Kd6 35. Ne5 Kd5 36. Ke3 Ne4 37. f3 Nd6 38. Kd3 a6 39. Nd7 b5 40. axb5 axb5 41. Nf6+ Kc6 42. Nxh7 Nc4 43. Kc3 Kd5 44. Nf8 b4+ 45. Kc2 Ne3+ 46. Kd3 c4+ 47. Kxe3 c3 48. bxc3 b3 49. Kd2 Kc4 50. Nxg6 1-0


[Site "https://www.chess.com"]

[Event "Titled Tuesday Blitz March 21 Late 2023"]
[White "olga-belka"]
[Black "Visakh N R"]
[BlackFideId "25012223"]
[WhiteElo "2250"]
[BlackElo "2466"]
[Result "1-0"]
[Round "08"]
[TimeControl "180+2"]
[Date "2023.03.21"]
[WhiteClock "0:00:13"]
[BlackClock "0:00:35"]

1. e4 c5 2. Nf3 Nc6 3. Bb5 g6 4. O-O Bg7 5. c3 Nf6 6. Re1 O-O 7. e5 Nd5 8. d4 cxd4 9. cxd4 d6 10. Bxc6 bxc6 11. Nc3 Nxc3 12. bxc3 d5 13. Ba3 Re8 14. Qa4 Bd7 15. Bc5 Qc8 16. Nd2 f6 17. Nf3 Bg4 18. exf6 exf6 19. Rxe8+ Qxe8 20. Re1 Qc8 21. Nd2 Be6 22. Nb3 Qd7 23. Qa5 a6 24. Qb6 Bh6 25. Na5 Rc8 26. Rb1 Bf7 27. Qxa6 Bd2 28. Rb7 Qf5 29. Qe2 Re8 30. Qxd2 g5 31. Nxc6 Kg7 32. h3 g4 33. hxg4 Qxg4 34. a4 Re2 35. Qd1 Kg8 36. Re7 1-0


[Site "https://www.chess.com"]

[Event "Titled Tuesday Blitz March 21 Late 2023"]
[White "Toniutti, Ezio"]
[Black "Storn, Justin"]
[WhiteFideId "113034"]
[BlackFideId "30922720"]
[WhiteElo "2215"]
[BlackElo "2303"]
[Result "1-0"]
[Round "08"]
[TimeControl "180+2"]
[Date "2023.03.21"]
[WhiteClock "0:01:37"]
[BlackClock "0:00:19"]

1. d4 Nf6 2. c4 g6 3. Nc3 Bg7 4. e4 d6 5. f4 O-O 6. Nf3 c5 7. d5 e6 8. Be2 exd5 9. cxd5 Nbd7 10. O-O Ne8 11. Kh1 a6 12. a4 Rb8 13. f5 Nc7 14. Bg5 Bf6 15. Qd2 b5 16. Bh6 Re8 17. fxg6 fxg6 18. Ng5 b4 19. Nd1 Ne5 20. Nf2 a5 21. Rad1 Ba6 22. Bxa6 Nxa6 23. Ne6 Qe7 24. b3 c4 25. bxc4 Nxc4 26. Qe2 Rec8 27. Ng4 Bh8 28. Bg5 Qa7 29. Nh6# 1-0


[Site "https://www.chess.com"]